[Event "January 9 Early 2024"]
[Site "https://www.chess.com"]
[Date "2024.01.11"]
[Round "7"]
[White "Ioannidis, Evgenios"]
[Black "Wadsworth, Matthew J"]
[Result "0-1"]
[Board "10"]
[TimeControl "180+1"]
[WhiteFideId "4229274"]
[BlackFideId "415804"]
[WhiteElo "2788"]
[BlackElo "2653"]
[WhiteTeam "GRE"]
[BlackTeam "ENG"]
[WhiteClock "0:01:15"]
[BlackClock "0:01:47"]

1. d4 Nf6 2. c4 c5 3. d5 e6 4. Nc3 exd5 5. cxd5 d6 6. e4 g6 7. f4 Bg7 8. Bb5+ Nfd7 9. Be2 O-O 10. Nf3 b6 11. O-O Ba6 12. Bxa6 Nxa6 13. Nb5 Qe7 14. Re1 c4 15. Nfd4 Nac5 16. Nc6 Qf6 17. e5 dxe5 18. fxe5 Qh4 19. Qf3 Qxe1+ 20. Qf1 Qxf1+ 21. Kxf1 Nxe5 0-1

[Event "January 9 Early 2024"]
[Site "https://www.chess.com"]
[Date "2024.01.11"]
[Round "7"]
[White "Vestby-Ellingsen, Mads"]
[Black "Seo, Jung Min"]
[Result "1/2-1/2"]
[Board "11"]
[TimeControl "180+1"]
[WhiteFideId "1520857"]
[BlackFideId "1734687"]
[WhiteElo "2644"]
[BlackElo "2854"]
[WhiteTeam "NOR"]
[BlackTeam "SWE"]
[WhiteClock "0:00:55"]
[BlackClock "0:01:58"]

1. d4 Nf6 2. Bg5 d5 3. e3 c5 4. Bxf6 gxf6 5. dxc5 e6 6. c4 dxc4 7. Nd2 c3 8. bxc3 Bxc5 9. Qh5 Be7 10. Ngf3 Nc6 11. Bb5 Bd7 12. O-O O-O 13. Ne4 Qa5 14. Neg5 fxg5 15. Nxg5 Bxg5 16. Qxg5+ Kh8 17. Qf6+ Kg8 18. Qg5+ Kh8 19. Qf6+ Kg8 20. Qg5+ 1/2-1/2

[Event "January 9 Early 2024"]
[Site "https://www.chess.com"]
[Date "2024.01.11"]
[Round "7"]
[White "Tasev, Dejan"]
[Black "Albuquerque Junior,Wellington S."]
[Result "1-0"]
[Board "12"]
[TimeControl "180+1"]
[WhiteFideId "936618"]
[BlackFideId "2151480"]
[WhiteElo "2648"]
[BlackElo "2381"]
[WhiteTeam "SRB"]
[BlackTeam "BRA"]
[WhiteClock "0:02:03"]
[BlackClock "0:01:09"]

1. e4 c5 2. Nf3 d6 3. Nc3 Nf6 4. d4 cxd4 5. Nxd4 Nc6 6. Bc4 Qb6 7. Nb3 Bg4 8. f3 Bd7 9. Qe2 e6 10. Be3 Qc7 11. a4 a6 12. O-O Be7 13. Bd3 Rc8 14. f4 O-O 15. Kh1 Nb4 16. f5 h6 17. Rad1 e5 18. Rf3 d5 19. exd5 Nbxd5 20. Nxd5 Nxd5 21. Bxh6 gxh6 22. Rg3+ Bg5 23. Qh5 Nf4 24. Rxg5+ hxg5 25. Qxg5+ Kh8 26. Qh6+ Kg8 27. f6 1-0

[Event "January 9 Early 2024"]
[Site "https://www.chess.com"]
[Date "2024.01.11"]
[Round "7"]
[White "Cristobal, Manuel"]
[Black "Shuvalov, Evgenij"]
[Result "1-0"]
[Board "13"]
[TimeControl "180+1"]
[WhiteFideId "112879"]
[BlackFideId "4187237"]
[WhiteElo "2708"]
[BlackElo "2526"]
[WhiteTeam "ARG"]
[BlackTeam "FID"]
[WhiteClock "0:01:52"]
[BlackClock "0:01:07"]

1. d4 Nf6 2. Nf3 g6 3. e3 Bg7 4. Be2 O-O 5. O-O c5 6. c4 cxd4 7. exd4 d5 8. Nc3 Nc6 9. cxd5 Nxd5 10. Bg5 Nxc3 11. bxc3 Qa5 12. d5 Rd8 13. c4 Qc7 14. Rb1 Bf5 15. Rb5 h6 16. Bh4 Ne5 17. Bg3 Nxf3+ 18. Bxf3 Qxc4 19. Rxb7 Be4 20. Rxe7 Bxf3 21. Qxf3 Qxd5 22. Re8+ Bf8 23. Qxd5 Rxd5 24. Rxa8 1-0

[Event "January 9 Early 2024"]
[Site "https://www.chess.com"]
[Date "2024.01.11"]
[Round "7"]
[White "Parpiev, Isaak"]
[Black "Lopusiewicz, Piotr"]
[Result "0-1"]
[Board "14"]
[TimeControl "180+1"]
[WhiteFideId "34281576"]
[BlackFideId "1116029"]
[WhiteElo "2648"]
[BlackElo "2488"]
[WhiteTeam "RUS"]
[BlackTeam "POL"]
[WhiteClock "0:01:39"]
[BlackClock "0:01:13"]

1. e4 e5 2. Nf3 Nc6 3. Nc3 Nf6 4. a3 d5 5. Bb5 Nxe4 6. Qe2 Qd6 7. Nxe4 dxe4 8. Qxe4 Bd7 9. d4 O-O-O 10. dxe5 Nxe5 11. Bxd7+ Qxd7 12. O-O Nxf3+ 13. Qxf3 Bd6 14. Be3 Rhe8 15. Bxa7 Re5 16. Be3 g5 17. c4 g4 18. Qf6 Rh5 19. g3 Be5 20. Qg5 Rxg5 21. Bxg5 f6 22. Be3 Qc6 23. Rab1 h5 24. b4 h4 25. b5 Qf3 0-1

[Event "January 9 Early 2024"]
[Site "https://www.chess.com"]
[Date "2024.01.11"]
[Round "7"]
[White "Hamblok, Roel"]
[Black "Bryakin, Mikhail"]
[Result "0-1"]
[Board "15"]
[TimeControl "180+1"]
[WhiteFideId "209317"]
[BlackFideId "4165314"]
[WhiteElo "2590"]
[BlackElo "2843"]
[WhiteTeam "BEL"]
[BlackTeam "SRB"]
[WhiteClock "0:00:57"]
[BlackClock "0:01:34"]

1. e4 d5 2. exd5 Nf6 3. d4 Bg4 4. f3 Bf5 5. g4 Bg6 6. c4 e6 7. dxe6 Nc6 8. Be3 Nb4 9. Na3 Qd6 10. exf7+ Kxf7 11. g5 Re8 12. Qd2 Qf4 13. Ne2 Rxe3 14. gxf6 Qxf3 15. Rg1 Nd3+ 16. Kd1 Bb4 17. fxg7 Rhe8 18. g8=Q+ Kxg8 0-1

[Event "January 9 Early 2024"]
[Site "https://www.chess.com"]
[Date "2024.01.11"]
[Round "7"]
[White "Tuncer, Tuna"]
[Black "Martinez, Shawn"]
[Result "1-0"]
[Board "16"]
[TimeControl "180+1"]
[WhiteFideId "6349269"]
[BlackFideId "2039770"]
[WhiteElo "2626"]
[BlackElo "2442"]
[WhiteTeam "TUR"]
[BlackTeam "USA"]
[WhiteClock "0:01:53"]
[BlackClock "0:00:51"]

1. e4 c5 2. Nf3 e6 3. c3 d5 4. e5 Ne7 5. d4 Nec6 6. Bd3 Be7 7. O-O b6 8. Nbd2 a5 9. Re1 Ba6 10. Bxa6 Nxa6 11. Nf1 Qc7 12. Be3 c4 13. b3 b5 14. a4 b4 15. bxc4 dxc4 16. d5 exd5 17. Qxd5 bxc3 18. e6 O-O 19. exf7+ Rxf7 20. Qxc4 Ncb4 21. Qb3 Bf6 22. Bd4 Kh8 23. Ne5 Bxe5 24. Bxe5 Qb6 25. Qxf7 Rg8 26. Bxg7+ Rxg7 27. Re8+ 1-0

[Event "January 9 Early 2024"]
[Site "https://www.chess.com"]
[Date "2024.01.11"]
[Round "7"]
[White "Beerdsen, Thomas"]
[Black "Skvortsov, Andrei"]
[Result "1-0"]
[Board "17"]
[TimeControl "180+1"]
[WhiteFideId "1030108"]
[BlackFideId "24108600"]
[WhiteElo "2852"]
[BlackElo "2676"]
[WhiteTeam "NED"]
[BlackTeam "MNE"]
[WhiteClock "0:02:18"]
[BlackClock "0:00:12"]

1. a4 c5 2. Ra3 Nc6 3. Rg3 Nf6 4. e3 d5 5. Bb5 Bd7 6. b3 e6 7. Bb2 Ne7 8. Bxd7+ Qxd7 9. Nf3 Nf5 10. Ne5 Qc7 11. f4 Nxg3 12. hxg3 Nd7 13. Qh5 Nxe5 14. Bxe5 Qd7 15. Nc3 a6 16. a5 Rc8 17. Na4 Qd8 18. Nb6 Rb8 19. O-O Rc8 20. f5 exf5 21. Qxf5 Rc7 22. Bxc7 Qxc7 23. Nxd5 Qd7 24. Qe5+ 1-0

[Event "January 9 Early 2024"]
[Site "https://www.chess.com"]
[Date "2024.01.11"]
[Round "7"]
[White "Aadit Bhatia"]
[Black "Aradhya, Garg"]
[Result "0-1"]
[Board "18"]
[TimeControl "180+1"]
[WhiteFideId "25088955"]
[BlackFideId "25006746"]
[WhiteElo "2456"]
[BlackElo "2725"]
[WhiteTeam "IND"]
[BlackTeam "IND"]
[WhiteClock "0:00:53"]
[BlackClock "0:02:09"]

1. e4 e5 2. Nf3 Nc6 3. Bb5 a6 4. Ba4 Nf6 5. O-O Be7 6. Re1 b5 7. Bb3 O-O 8. c3 d5 9. d3 dxe4 10. dxe4 Qxd1 11. Bxd1 Be6 12. Nbd2 h6 13. Bb3 Bxb3 14. Nxb3 Rfd8 15. h3 Rab8 16. Be3 Nxe4 17. Bxh6 Nxc3 18. bxc3 gxh6 19. Nxe5 Nxe5 20. Rxe5 Bf6 21. Rf5 Bxc3 22. Rc1 b4 23. a3 Bb2 24. Rxc7 bxa3 25. Nc1 Rd1+ 26. Kh2 Rxc1 27. Rxc1 Bxc1 28. Ra5 Rb6 29. Rc5 a2 30. Rxc1 Rb1 31. Rc8+ Kg7 0-1

[Event "January 9 Early 2024"]
[Site "https://www.chess.com"]
[Date "2024.01.11"]
[Round "7"]
[White "Chigaev, Maksim"]
[Black "Nepomniachtchi, Ian"]
[Result "0-1"]
[Board "19"]
[TimeControl "180+1"]
[WhiteFideId "4108116"]
[BlackFideId "4168119"]
[WhiteElo "2964"]
[BlackElo "3128"]
[WhiteTeam "ESP"]
[BlackTeam "RUS"]
[WhiteClock "0:00:22"]
[BlackClock "0:02:01"]

1. c4 e5 2. Nc3 Nf6 3. Nf3 Nc6 4. g3 d5 5. cxd5 Nxd5 6. Bg2 Bc5 7. Qc2 Ndb4 8. Qb1 O-O 9. a3 Nd5 10. Nxd5 Qxd5 11. Ng5 e4 12. Nxe4 Qh5 13. Nxc5 Nd4 14. Qe4 Qxc5 15. O-O Bf5 16. Qxb7 Nxe2+ 17. Kh1 Bd3 18. b4 Qd4 19. Qd5 Qxa1 20. Qxd3 Nxc1 21. Qc2 Rad8 22. Rxc1 Qxa3 23. b5 Qb4 24. d3 Qxb5 0-1

[Event "January 9 Early 2024"]
[Site "https://www.chess.com"]
[Date "2024.01.11"]
[Round "7"]
[White "Paravyan, David"]
[Black "Rohith Krishna S"]
[Result "1-0"]
[Board "20"]
[TimeControl "180+1"]
[WhiteFideId "4194985"]
[BlackFideId "46617051"]
[WhiteElo "3010"]
[BlackElo "2834"]
[WhiteTeam "FID"]
[BlackTeam "IND"]
[WhiteClock "0:01:42"]
[BlackClock "0:00:46"]

1. e4 e5 2. Nf3 Nc6 3. Bc4 Bc5 4. Nc3 Nf6 5. d3 O-O 6. h3 h6 7. g4 d6 8. g5 hxg5 9. Bxg5 Be6 10. Nd5 Bxd5 11. Bxd5 Nb4 12. Bb3 c6 13. Rg1 d5 14. Nh4 dxe4 15. Bh6 Qd4 16. Be3 Qxb2 17. Bxc5 Qc3+ 18. Kf1 Qxc5 19. Nf5 Kh8 20. Rxg7 Rg8 21. Rxf7 Rg6 22. Rxf6 1-0

[Event "January 9 Early 2024"]
[Site "https://www.chess.com"]
[Date "2024.01.11"]
[Round "7"]
[White "Aashman Gupta"]
[Black "Averchenko, Sergej"]
[Result "1-0"]
[Board "21"]
[TimeControl "180+1"]
[WhiteFideId "45022500"]
[BlackFideId "4131533"]
[WhiteElo "2477"]
[BlackElo "2002"]
[WhiteTeam "IND"]
[BlackTeam "RUS"]
[WhiteClock "0:01:48"]
[BlackClock "0:01:03"]

1. b3 Nf6 2. Bb2 g6 3. Bxf6 exf6 4. Nf3 Bg7 5. e3 O-O 6. d4 d5 7. Be2 c6 8. O-O Bg4 9. c4 dxc4 10. bxc4 Nd7 11. Nc3 Nb6 12. Qb3 Qd7 13. a4 Nc8 14. a5 Ne7 15. Na4 Rab8 16. Nc5 Qc7 17. Rfb1 h5 18. h3 Bc8 19. Na6 bxa6 20. Qxb8 Qxb8 21. Rxb8 c5 22. d5 f5 23. Rab1 Bc3 24. Bd1 Bxa5 25. Ba4 Bb6 26. d6 1-0

[Event "January 9 Early 2024"]
[Site "https://www.chess.com"]
[Date "2024.01.11"]
[Round "7"]
[White "Gatterer, Florian"]
[Black "Abdulrahman Mohammad, Al Taher"]
[Result "1/2-1/2"]
[Board "22"]
[TimeControl "180+1"]
[WhiteFideId "811688"]
[BlackFideId "9310258"]
[WhiteElo "2421"]
[BlackElo "2246"]
[WhiteTeam "ITA"]
[BlackTeam "UAE"]
[WhiteClock "0:01:37"]
[BlackClock "0:00:50"]

1. e4 c5 2. Nf3 Nc6 3. Bb5 g6 4. Bxc6 dxc6 5. d3 Bg7 6. O-O Nf6 7. h3 Nd7 8. Nc3 e5 9. Bg5 f6 10. Be3 b6 11. Qd2 Nf8 12. Bh6 Qe7 13. Bxg7 Qxg7 14. Nh2 Ne6 15. Ne2 O-O 16. f4 exf4 17. Nxf4 f5 18. exf5 Nxf4 19. Rxf4 Bxf5 20. Qc3 Qxc3 21. bxc3 Rae8 22. Rf2 Kg7 23. c4 Re3 24. Raf1 Rfe8 25. Rf3 Re2 26. R3f2 R2e3 27. Rf3 Re2 28. R3f2 R2e3 1/2-1/2

[Event "January 9 Early 2024"]
[Site "https://www.chess.com"]
[Date "2024.01.11"]
[Round "7"]
[White "Mammadov, Ziya"]
[Black "Cardozo Munar, Carlos Eduardo"]
[Result "0-1"]
[Board "23"]
[TimeControl "180+1"]
[WhiteFideId "13418890"]
[BlackFideId "4409477"]
[WhiteElo "1974"]
[BlackElo "2225"]
[WhiteTeam "AZE"]
[BlackTeam "COL"]
[WhiteClock "0:01:03"]
[BlackClock "0:01:56"]

1. e4 e6 2. d4 d5 3. exd5 exd5 4. c4 Nc6 5. Nc3 Nf6 6. Nf3 Bb4 7. Be2 O-O 8. O-O dxc4 9. Bxc4 Bg4 10. Be3 Qd7 11. a3 Bd6 12. Rc1 a6 13. Be2 Rae8 14. Bg5 Rxe2 15. Qxe2 Nxd4 16. Qe3 Bxf3 17. gxf3 Qh3 0-1

[Event "January 9 Early 2024"]
[Site "https://www.chess.com"]
[Date "2024.01.11"]
[Round "7"]
[White "Iturrizaga Bonelli, Eduardo"]
[Black "Sarana, Alexey"]
[Result "1-0"]
[Board "24"]
[TimeControl "180+1"]
[WhiteFideId "3901211"]
[BlackFideId "24133795"]
[WhiteElo "3013"]
[BlackElo "3062"]
[WhiteTeam "ESP"]
[BlackTeam "SRB"]
[WhiteClock "0:01:30"]
[BlackClock "0:00:46"]

1. c4 e6 2. Nf3 d5 3. e3 Nf6 4. b3 dxc4 5. Bxc4 c5 6. Bb2 Nc6 7. O-O Be7 8. d4 O-O 9. Nbd2 b6 10. Qe2 cxd4 11. Nxd4 Nxd4 12. Bxd4 Bb7 13. Rfd1 Nd5 14. Nf3 Qc7 15. Rac1 Qb8 16. Be5 Qe8 17. Bb5 Qd8 18. e4 a6 19. Bc6 Bxc6 20. Rxc6 Bc5 21. exd5 exd5 22. Qd3 Qe8 23. Rc7 Rd8 24. Re1 Qe6 25. Bxg7 Qd6 26. Bxf8 1-0

[Event "January 9 Early 2024"]
[Site "https://www.chess.com"]
[Date "2024.01.11"]
[Round "7"]
[White "Ter-Sahakyan, Samvel"]
[Black "Zavgorodniy, Sergiy"]
[Result "1-0"]
[Board "25"]
[TimeControl "180+1"]
[WhiteFideId "13302531"]
[BlackFideId "14110148"]
[WhiteElo "2903"]
[BlackElo "2619"]
[WhiteTeam "ARM"]
[BlackTeam "UKR"]
[WhiteClock "0:01:03"]
[BlackClock "0:01:21"]

1. d4 Nf6 2. c4 e6 3. Nc3 Bb4 4. a3 Bxc3+ 5. bxc3 Nc6 6. f3 d5 7. cxd5 exd5 8. e3 Bf5 9. Ne2 h5 10. Ng3 Bg6 11. Bd3 h4 12. Ne2 Qd7 13. O-O Na5 14. Bxg6 fxg6 15. Nf4 g5 16. Ng6 Rg8 17. Ne5 Qe6 18. Qa4+ Nc6 19. Rb1 Nd7 20. Rxb7 Ncxe5 21. dxe5 h3 22. Rxc7 hxg2 23. Rd1 Rh8 24. Qg4 Qxg4 25. fxg4 Nxe5 26. Rxd5 Nxg4 27. Rxg5 Nxh2 28. Kxg2 Rd8 29. Rgxg7 Rd1 30. Rc8+ Rd8 31. Rxd8+ Kxd8 32. e4 1-0

[Event "January 9 Early 2024"]
[Site "https://www.chess.com"]
[Date "2024.01.11"]
[Round "7"]
[White "McCoy, Owen"]
[Black "Bardyk, Artem"]
[Result "0-1"]
[Board "26"]
[TimeControl "180+1"]
[WhiteFideId "30924502"]
[BlackFideId "34349979"]
[WhiteElo "2607"]
[BlackElo "2777"]
[WhiteTeam "USA"]
[BlackTeam "RUS"]
[WhiteClock "0:00:04"]
[BlackClock "0:01:57"]

1. d4 d5 2. c4 e6 3. Nf3 Nf6 4. g3 dxc4 5. Bg2 Nbd7 6. O-O c6 7. a4 a5 8. Qc2 Nd5 9. Qxc4 Be7 10. Bf4 Nb4 11. Rd1 b6 12. Qc1 Ba6 13. Nc3 O-O 14. Ne5 Rc8 15. Nxd7 Qxd7 16. Qd2 Rfd8 17. b3 c5 18. dxc5 Qxd2 19. Rxd2 Rxd2 20. Bxd2 Bxc5 21. e3 Rd8 22. Ne4 Be7 23. Rc1 f5 24. Bxb4 axb4 0-1

[Event "January 9 Early 2024"]
[Site "https://www.chess.com"]
[Date "2024.01.11"]
[Round "7"]
[White "Isajevsky, Anton"]
[Black "Klekowski, Maciej"]
[Result "0-1"]
[Board "27"]
[TimeControl "180+1"]
[WhiteFideId "4142500"]
[BlackFideId "1132717"]
[WhiteElo "2644"]
[BlackElo "2866"]
[WhiteTeam "RUS"]
[BlackTeam "POL"]
[WhiteClock "0:00:32"]
[BlackClock "0:01:31"]

1. c4 e5 2. g3 Nc6 3. Bg2 f5 4. Nc3 Nf6 5. d3 Be7 6. Bg5 O-O 7. Nf3 d6 8. O-O Qe8 9. Bxf6 Bxf6 10. Rc1 g5 11. Nd5 Bd8 12. c5 Be6 13. Nd2 Qf7 14. Nc3 d5 15. e4 dxe4 16. dxe4 f4 17. Nd5 h5 18. Nc4 f3 19. Bh1 g4 20. Qd2 Qg7 21. Nce3 Nd4 22. Rfe1 c6 23. Nc3 h4 24. Nf5 Bxf5 25. exf5 Bg5 26. Qd3 Bxc1 0-1

[Event "January 9 Early 2024"]
[Site "https://www.chess.com"]
[Date "2024.01.11"]
[Round "7"]
[White "Pesotskiy, Mikhail"]
[Black "Abrosimov, Vladimir"]
[Result "1-0"]
[Board "28"]
[TimeControl "180+1"]
[WhiteFideId "34164453"]
[BlackFideId "4166892"]
[WhiteElo "2479"]
[BlackElo "2170"]
[WhiteTeam "RUS"]
[BlackTeam "RUS"]
[WhiteClock "0:01:54"]
[BlackClock "0:01:39"]

1. d4 b5 2. e4 Bb7 3. Bd3 a6 4. Nf3 e6 5. O-O c5 6. c3 c4 7. Bc2 Nf6 8. e5 Nd5 9. Bg5 Be7 10. Bxe7 Qxe7 11. Nbd2 Nc6 12. Ne4 O-O-O 13. Qe2 h6 14. a4 Nf4 15. Qd2 Nd5 16. axb5 axb5 17. Nd6+ Kb8 18. Nxb5 d6 19. Nxd6 Rxd6 20. exd6 Qxd6 21. b3 cxb3 22. Bxb3 g5 23. Rfb1 g4 24. Ne5 Nxe5 25. dxe5 Qxe5 26. Bxd5 exd5 27. Qa2 Qc7 28. Qa7+ Kc8 29. Ra5 Bc6 30. Qc5 Re8 31. Ra7 Bb7 32. Qxc7+ Kxc7 33. Raxb7+ Kc6 34. Rxf7 Kc5 35. Rf6 Kc4 36. Rxh6 Kxc3 37. Rd6 d4 38. Rd1 Re4 39. R6xd4 Rxd4 40. Rxd4 Kxd4 41. h3 g3 42. fxg3 Ke4 43. Kh2 Kf5 44. g4+ Kg5 45. g3 Kh6 46. Kg2 Kg6 47. Kf3 Kh6 48. h4 Kg7 49. Kf4 Kg6 50. g5 Kh7 51. g4 Kg7 52. h5 Kh7 53. Kf5 Kg7 54. g6 Kh8 55. g5 Kg8 56. h6 Kh8 57. Kf6 Kg8 58. g7 Kh7 59. g6+ Kg8 60. h7# 1-0

[Event "January 9 Early 2024"]
[Site "https://www.chess.com"]
[Date "2024.01.11"]
[Round "7"]
[White "Jovic, Stanoje"]
[Black "Nikulina, Alena"]
[Result "1-0"]
[Board "29"]
[TimeControl "180+1"]
[WhiteFideId "905020"]
[BlackFideId "4172051"]
[WhiteElo "2417"]
[BlackElo "2126"]
[WhiteTeam "SRB"]
[BlackTeam "RUS"]
[WhiteClock "0:01:15"]
[BlackClock "0:01:14"]

1. c4 e5 2. g3 Nf6 3. Bg2 c6 4. d4 exd4 5. Qxd4 Na6 6. Nf3 Bc5 7. Qe5+ Qe7 8. Qxe7+ Bxe7 9. O-O O-O 10. Nc3 Bb4 11. Bd2 Re8 12. Rfe1 d5 13. cxd5 Bxc3 14. Bxc3 Nxd5 15. Bd2 Bf5 16. Ng5 h6 17. e4 hxg5 18. exf5 f6 19. Bxd5+ cxd5 20. Be3 Kf7 21. Rac1 Re7 22. Bd4 Nb4 23. Rxe7+ Kxe7 24. Bc5+ Kd7 25. Bxb4 a5 26. Ba3 b5 27. Bc5 Rc8 28. Be3 Rb8 29. b3 a4 30. b4 Re8 31. Rc5 Re5 32. g4 Re4 33. Rxd5+ Kc6 34. Rd4 Re8 35. Kg2 Rh8 36. h3 1-0

[Event "January 9 Early 2024"]
[Site "https://www.chess.com"]
[Date "2024.01.11"]
[Round "7"]
[White "Onufrienko, Vladislav"]
[Black "Matveeva, Olga"]
[Result "1-0"]
[Board "30"]
[TimeControl "180+1"]
[WhiteFideId "13804332"]
[BlackFideId "24107018"]
[WhiteElo "2603"]
[BlackElo "2408"]
[WhiteTeam "KGZ"]
[BlackTeam "RUS"]
[WhiteClock "0:01:44"]
[BlackClock "0:00:40"]

1. e4 c6 2. d4 d5 3. e5 c5 4. dxc5 e6 5. Be3 Nc6 6. Nf3 Nge7 7. c3 Ng6 8. Bb5 Qc7 9. Bd4 Bd7 10. Bxc6 Bxc6 11. O-O Bb5 12. Re1 Bxc5 13. Nbd2 O-O 14. Bxc5 Qxc5 15. Nb3 Qc7 16. Nbd4 Bc4 17. h4 h6 18. h5 Ne7 19. Qd2 Nc6 20. Qf4 Nxd4 21. Nxd4 Rac8 22. Re3 Kh8 23. Rg3 Qe7 24. a4 a5 25. Re1 Ba6 26. Ree3 Rc4 27. b3 Rc7 28. Ref3 f5 29. Rg6 Rc6 30. Rxh6+ gxh6 31. Qxh6+ Kg8 32. Rg3+ 1-0

[Event "January 9 Early 2024"]
[Site "https://www.chess.com"]
[Date "2024.01.11"]
[Round "7"]
[White "Yonal, Timur"]
[Black "Herman, Daniel"]
[Result "0-1"]
[Board "31"]
[TimeControl "180+1"]
[WhiteFideId "44115725"]
[BlackFideId "30935008"]
[WhiteElo "2267"]
[BlackElo "2433"]
[WhiteTeam "TUR"]
[BlackTeam "USA"]
[WhiteClock "0:00:22"]
[BlackClock "0:01:27"]

1. e4 e6 2. d4 a6 3. c4 Bb4+ 4. Nc3 c5 5. d5 e5 6. Be2 Nf6 7. Qc2 d6 8. Nf3 Nbd7 9. O-O Nf8 10. a3 Bxc3 11. bxc3 Ng6 12. Ne1 O-O 13. f3 Nh5 14. Nd3 f5 15. Be3 f4 16. Bf2 Qg5 17. Kh1 Ng3+ 18. Kg1 Nxf1 19. Bxf1 Nh4 20. Kh1 Rf6 21. Rb1 Rg6 22. a4 Nxg2 23. Qd1 Ne3 0-1

[Event "January 9 Early 2024"]
[Site "https://www.chess.com"]
[Date "2024.01.11"]
[Round "7"]
[White "Blahynka, Martin"]
[Black "Al-Tarboush, Ward"]
[Result "0-1"]
[Board "32"]
[TimeControl "180+1"]
[WhiteFideId "334766"]
[BlackFideId "7601450"]
[WhiteElo "2444"]
[BlackElo "2629"]
[WhiteTeam "CZE"]
[BlackTeam "NOR"]
[WhiteClock "0:00:07"]
[BlackClock "0:01:59"]

1. d4 Nf6 2. Bf4 b6 3. Nf3 Bb7 4. e3 e6 5. Bd3 c5 6. c3 Be7 7. h3 O-O 8. Nbd2 d6 9. O-O Nbd7 10. Bh2 e5 11. dxe5 dxe5 12. Bxe5 Nxe5 13. Nxe5 Bd6 14. Ndf3 Re8 15. Nc4 Bc7 16. a4 a6 17. Bf5 Qe7 18. Qe2 b5 19. axb5 axb5 20. Ncd2 g6 21. Bc2 Qd6 22. Qxb5 Ba6 23. Rxa6 Rxa6 24. Ne4 Rxe4 25. Bxe4 Rb6 26. Qd3 Qe6 27. Ng5 Qe5 28. f4 Qe7 29. Rf2 h6 30. Nf3 Qxe4 31. Qf1 Qxe3 32. Kh1 Ne4 0-1

[Event "January 9 Early 2024"]
[Site "https://www.chess.com"]
[Date "2024.01.11"]
[Round "7"]
[White "Perez Ponsa, Federico"]
[Black "Leiva, Gianmarco"]
[Result "0-1"]
[Board "33"]
[TimeControl "180+1"]
[WhiteFideId "117927"]
[BlackFideId "3804399"]
[WhiteElo "2858"]
[BlackElo "2708"]
[WhiteTeam "ARG"]
[BlackTeam "PER"]
[WhiteClock "0:01:32"]
[BlackClock "0:00:25"]

1. e4 c6 2. d4 d5 3. Nc3 dxe4 4. Nxe4 Nf6 5. Nxf6+ exf6 6. c3 Bd6 7. Bd3 O-O 8. Qc2 Re8+ 9. Ne2 h5 10. Be3 Nd7 11. O-O-O b5 12. Ng3 Nb6 13. Nxh5 Be6 14. Kb1 Nd5 15. Bc1 Qa5 16. Bd2 Bg4 17. Ng3 Bxd1 18. Rxd1 Qc7 19. Nf5 Bf4 20. g3 Bxd2 21. Qxd2 g6 22. Nh6+ Kg7 23. Ng4 Rh8 24. h4 Rae8 25. a3 a5 26. c4 bxc4 27. Bxc4 Rb8 28. Rc1 Qd7 29. Ka2 Qxg4 30. Bxd5 cxd5 31. Rc7 Rhc8 0-1

[Event "January 9 Early 2024"]
[Site "https://www.chess.com"]
[Date "2024.01.11"]
[Round "7"]
[White "Bonin, Jay"]
[Black "Kopczynski, Michal"]
[Result "0-1"]
[Board "34"]
[TimeControl "180+1"]
[WhiteFideId "2000644"]
[BlackFideId "1124200"]
[WhiteElo "2325"]
[BlackElo "2524"]
[WhiteTeam "USA"]
[BlackTeam "POL"]
[WhiteClock "0:00:56"]
[BlackClock "0:01:18"]

1. d4 Nf6 2. Nf3 g6 3. c4 Bg7 4. Nc3 d6 5. e4 O-O 6. Be2 e5 7. dxe5 dxe5 8. Qxd8 Rxd8 9. Nb1 Nxe4 10. O-O h6 11. Rd1 Rxd1+ 12. Bxd1 Be6 13. Na3 a6 14. Be3 Nc6 15. Ba4 Nb4 16. Nd2 Nd6 17. Bc5 Nd3 18. Bxd6 cxd6 19. b3 e4 20. Rb1 Bb2 21. Nc2 f5 22. b4 Bc3 23. Nf1 Bxc4 24. Bb3 Bxb3 25. Rxb3 Rc8 26. f3 Nc1 27. Rb1 Nxa2 28. fxe4 fxe4 29. Kf2 Be5 30. Nfe3 Nc3 31. Rb3 d5 32. Ng4 Bg7 33. Ke3 Nb5 34. Ne1 h5 35. Nf2 0-1

[Event "January 9 Early 2024"]
[Site "https://www.chess.com"]
[Date "2024.01.11"]
[Round "7"]
[White "Mahdavi, Reza"]
[Black "Rakitin, Daniil"]
[Result "1-0"]
[Board "35"]
[TimeControl "180+1"]
[WhiteFideId "12595926"]
[BlackFideId "24219762"]
[WhiteElo "2864"]
[BlackElo "2681"]
[WhiteTeam "IRI"]
[BlackTeam "RUS"]
[WhiteClock "0:01:27"]
[BlackClock "0:00:31"]

1. e4 c5 2. Nf3 Nc6 3. d4 cxd4 4. Nxd4 Nf6 5. Nc3 d6 6. Bg5 e6 7. Qd3 a6 8. Nxc6 bxc6 9. Qg3 d5 10. O-O-O Qa5 11. Bd2 Qb6 12. Bd3 Bd7 13. Rhe1 d4 14. Na4 Qa7 15. b3 Ba3+ 16. Kb1 O-O 17. Qh4 c5 18. e5 1-0

[Event "January 9 Early 2024"]
[Site "https://www.chess.com"]
[Date "2024.01.11"]
[Round "7"]
[White "Andreev, Konstantin"]
[Black "Lima, Artur Tin Lun Dai"]
[Result "1-0"]
[Board "36"]
[TimeControl "180+1"]
[WhiteFideId "24239305"]
[BlackFideId "22773150"]
[WhiteElo "2525"]
[BlackElo "2361"]
[WhiteTeam "ITA"]
[BlackTeam "BRA"]
[WhiteClock "0:01:40"]
[BlackClock "0:02:19"]

1. e4 e5 2. Nf3 Nc6 3. Bc4 Nf6 4. d4 exd4 5. e5 d5 6. Bb5 Nd7 7. O-O Be7 8. Bxc6 bxc6 9. Nxd4 Nb8 10. Qf3 O-O 11. Nf5 Bxf5 12. Qxf5 Qd7 13. Qd3 c5 14. f4 f6 15. Nc3 c6 16. Bd2 fxe5 17. fxe5 Qe6 18. Bf4 Nd7 19. Rae1 Rab8 20. b3 Rf7 21. Bg3 Rxf1+ 22. Qxf1 Rf8 23. Qa6 1-0

[Event "January 9 Early 2024"]
[Site "https://www.chess.com"]
[Date "2024.01.11"]
[Round "7"]
[White "Costachi, Mihnea"]
[Black "Cuenca Jimenez, Jose Fernando"]
[Result "1-0"]
[Board "37"]
[TimeControl "180+1"]
[WhiteFideId "1217518"]
[BlackFideId "2255570"]
[WhiteElo "2868"]
[BlackElo "2683"]
[WhiteTeam "ROU"]
[BlackTeam "ESP"]
[WhiteClock "0:01:10"]
[BlackClock "0:00:56"]

1. Nc3 c5 2. Nf3 Nc6 3. g3 e5 4. Bg2 g6 5. O-O Bg7 6. d3 Nge7 7. e4 O-O 8. Be3 d6 9. Qd2 f5 10. Bh6 f4 11. Bxg7 Kxg7 12. Ne2 fxg3 13. fxg3 h6 14. Rf2 Bg4 15. Raf1 Qd7 16. Nc3 Bxf3 17. Rxf3 Rxf3 18. Rxf3 Nd4 19. Rf1 g5 20. Nd1 Rf8 21. Rxf8 Kxf8 22. c3 Ndc6 23. Ne3 Qe6 24. b3 b5 25. Nf5 b4 26. Bh3 bxc3 27. Qxc3 Qf6 28. Qc4 Nxf5 29. Bxf5 Nd4 30. g4 h5 31. Qa6 Qe7 32. gxh5 Kg7 33. Qc8 Qf7 34. h6+ Kf6 35. Qd8+ 1-0